ORI
UNIVERSITY OF CONNETICUT HUSKIES @ MISSISSIPPI STATE UNIVERSITY BULLDOGS
08/03/2049
 
TOP OF THE 1ST
University of Conneticut Huskies batting - Pitching for Mississippi State University Bulldogs : RHP Erik Bradshaw
Pitching: RHP Erik Bradshaw
Batting: RHB Jordan Nicholas 0-0: Called Strike
0-1: Ball
1-1: DOUBLE (Line Drive, 78XD, EV 110.6 MPH)
Batting: RHB Victor Ramos 0-0: Ball
1-0: Foul Ball, location: 2F
1-1: Called Strike
1-2: Ground out 5-3 (Groundball, 56, EV 106.2 MPH)
Batting: RHB Jai De san miguel 0-0: Called Strike
Jordan Nicholas steals 3rd base
0-1: Foul Ball, location: 2F
0-2: Foul Ball, location: 2F
0-2: Ground out 4-3 (Groundball, 34D, EV 105.6 MPH)
Jordan Nicholas scores
Batting: LHB Omar Alba 0-0: Swinging Strike
0-1: Ball
1-1: Swinging Strike
1-2: Foul Ball, location: 2F
1-2: Ball
2-2: Ball
3-2: Foul Ball, location: 2F
3-2: Strikes out swinging
Top of the 1st over - 1 run, 1 hit, 0 errors, 0 left on base; University of Conneticut 1 - Mississippi State University 0
BOTTOM OF THE 1ST
Mississippi State University Bulldogs batting - Pitching for University of Conneticut Huskies : RHP Jay Catoe
Pitching: RHP Jay Catoe
Batting: RHB Logan Strassburg 0-0: Ball
1-0: Ball
2-0: Foul Ball, location: 2F
2-1: Ball
3-1: Foul Ball, location: 2F
3-2: SINGLE (Groundball, 34D, EV 95.0 MPH)
Batting: RHB Cody Ammann 0-0: Called Strike
Logan Strassburg steals 2nd, throwing error, E2
Logan Strassburg to third
0-1: Ball
1-1: Foul Ball, location: 2F
1-2: SINGLE (Groundball, 56S, EV 65.6 MPH) (infield hit)
Logan Strassburg scores
Batting: RHB Benito Gonzales 0-0: Ball
Cody Ammann is caught stealing 2nd base 2-4
1-0: Ball
2-0: Foul Ball, location: 2F
2-1: Called Strike
2-2: Foul Ball, location: 2F
2-2: Ground out 5-3 (Groundball, 56, EV 81.2 MPH)
Batting: RHB Masahito Sunada 0-0: Foul Ball, location: 2F
0-1: Called Strike
0-2: Ball
1-2: Ball
2-2: Strikes out swinging
Bottom of the 1st over - 1 run, 2 hits, 1 error, 0 left on base; University of Conneticut 1 - Mississippi State University 1
TOP OF THE 2ND
University of Conneticut Huskies batting - Pitching for Mississippi State University Bulldogs : RHP Erik Bradshaw
Batting: RHB Lee Wilbur 0-0: Swinging Strike
0-1: Ball
1-1: Ball
2-1: Ball
3-1: Swinging Strike
3-2: Foul Ball, location: 2F
3-2: Strikes out swinging
Batting: LHB Matt Reed 0-0: Called Strike
0-1: Called Strike
0-2: Ball
1-2: Ball
2-2: Strikes out swinging
Batting: LHB Chris Grayson 0-0: Ball
1-0: Ball
2-0: Ball
3-0: Called Strike
3-1: Foul Ball, location: 2F
3-2: Hit by Pitch
Batting: LHB Bill Groves 0-0: Called Strike
0-1: Foul Ball, location: 2F
0-2: Ground out 4-3 (Groundball, 4S, EV 88.8 MPH)
Top of the 2nd over - 0 runs, 0 hits, 0 errors, 1 left on base; University of Conneticut 1 - Mississippi State University 1
BOTTOM OF THE 2ND
Mississippi State University Bulldogs batting - Pitching for University of Conneticut Huskies : RHP Jay Catoe
Batting: RHB Eric Riley 0-0: Called Strike
0-1: Called Strike
0-2: Strikes out swinging
Batting: RHB Karl Lukasiewicz 0-0: Foul Ball, location: 2F
0-1: Ball
1-1: Ball
2-1: Ground out 4-3 (Groundball, 4S, EV 80.0 MPH)
Batting: RHB Bill Petipas 0-0: Called Strike
0-1: Ball
1-1: Swinging Strike
1-2: Ball
2-2: Ball
3-2: Base on Balls
Batting: RHB Jun Qing 0-0: Ball
1-0: Ball
2-0: Ball
3-0: Called Strike
3-1: Base on Balls
Bill Petipas to second
Batting: RHB Paulo Aubert 0-0: Called Strike
0-1: Reached on error, E7 (Flyball, 78S, EV 90.0 MPH)
Bill Petipas scores
Jun Qing to third
Batting: RHB Logan Strassburg 0-0: Called Strike
0-1: SINGLE (Line Drive, 8RS, EV 107.5 MPH)
Jun Qing scores
Paulo Aubert to third
Batting: RHB Cody Ammann 0-0: Ball
1-0: DOUBLE (Line Drive, 9LS, EV 95.6 MPH)
Paulo Aubert scores
Logan Strassburg to third
Runner from 3rd tries for Home, SAFE, no throw by RF
Batting: RHB Benito Gonzales 0-0: Ball
1-0: Ball
2-0: Foul Ball, location: 2F
2-1: Called Strike
2-2: Strikes out looking
Bottom of the 2nd over - 4 runs, 2 hits, 1 error, 1 left on base; University of Conneticut 1 - Mississippi State University 5
TOP OF THE 3RD
University of Conneticut Huskies batting - Pitching for Mississippi State University Bulldogs : RHP Erik Bradshaw
Batting: RHB Ju-yi Huang 0-0: Ball
1-0: Called Strike
1-1: Swinging Strike
1-2: Foul Ball, location: 2F
1-2: Strikes out swinging
Batting: RHB Jordan Nicholas 0-0: Swinging Strike
0-1: Called Strike
0-2: Ball
1-2: Foul Ball, location: 2F
1-2: Ball
2-2: Ball
3-2: Foul Ball, location: 2F
3-2: Foul Ball, location: 2F
3-2: Foul Ball, location: 2F
3-2: Ground out 3-1 (Groundball, 34S, EV 85.6 MPH)
Batting: RHB Victor Ramos 0-0: Called Strike
0-1: Ground out 6-3 (Groundball, 56, EV 97.5 MPH)
Top of the 3rd over - 0 runs, 0 hits, 0 errors, 0 left on base; University of Conneticut 1 - Mississippi State University 5
BOTTOM OF THE 3RD
Mississippi State University Bulldogs batting - Pitching for University of Conneticut Huskies : RHP Jay Catoe
Batting: RHB Masahito Sunada 0-0: Ball
1-0: Ball
2-0: Called Strike
2-1: Fly out, F9 (Flyball, 9D, EV 106.9 MPH)
Pitching: RHP Sal Sanchez
Batting: RHB Eric Riley 0-0: Ball
1-0: Called Strike
1-1: Ball
2-1: Foul Ball, location: 2F
2-2: Ball
3-2: Ground out 3-1 (Groundball, 34S, EV 91.9 MPH)
Batting: RHB Karl Lukasiewicz 0-0: Called Strike
0-1: Swinging Strike
0-2: Strikes out swinging
Bottom of the 3rd over - 0 runs, 0 hits, 0 errors, 0 left on base; University of Conneticut 1 - Mississippi State University 5
TOP OF THE 4TH
University of Conneticut Huskies batting - Pitching for Mississippi State University Bulldogs : RHP Erik Bradshaw
Pitching: RHP Jeff Shedd
Batting: RHB Jai De san miguel 0-0: Ball
1-0: Swinging Strike
1-1: Ball
2-1: SINGLE (Groundball, 56D, EV 100.0 MPH) (infield hit)
Batting: LHB Omar Alba 0-0: Ball
Jai De san miguel steals 2nd base
1-0: Foul Ball, location: 2F
1-1: Fly out, F8 (Flyball, 8RD, EV 89.4 MPH)
Batting: RHB Lee Wilbur 0-0: Called Strike
0-1: Ball
1-1: Called Strike
1-2: Ball
2-2: Ball
3-2: Ground out 6-3 (Groundball, 6, EV 98.8 MPH)
Batting: LHB Matt Reed 0-0: Ball
1-0: Called Strike
1-1: Called Strike
1-2: Ball
2-2: Ball
3-2: Base on Balls
Batting: LHB Chris Grayson 0-0: Fly out, F7 (Flyball, 7S, EV 95.0 MPH)
Top of the 4th over - 0 runs, 1 hit, 0 errors, 2 left on base; University of Conneticut 1 - Mississippi State University 5
BOTTOM OF THE 4TH
Mississippi State University Bulldogs batting - Pitching for University of Conneticut Huskies : RHP Sal Sanchez
Pitching: RHP Dave Cobos
Batting: RHB Bill Petipas 0-0: Called Strike
0-1: Ball
1-1: Ground out 4-3 (Groundball, 4, EV 100.6 MPH)
Batting: RHB Jun Qing 0-0: Ball
1-0: Ball
2-0: Foul Ball, location: 2F
2-1: Ball
3-1: Swinging Strike
3-2: Foul Ball, location: 2F
3-2: Strikes out looking
Batting: RHB Paulo Aubert 0-0: Ball
1-0: Fly out, F4 (Line Drive, 4, EV 72.5 MPH)
Bottom of the 4th over - 0 runs, 0 hits, 0 errors, 0 left on base; University of Conneticut 1 - Mississippi State University 5
TOP OF THE 5TH
University of Conneticut Huskies batting - Pitching for Mississippi State University Bulldogs : RHP Jeff Shedd
Now in CF: Tom Ploughman
Batting: LHB Bill Groves 0-0: Called Strike
0-1: SINGLE (Groundball, 4D, EV 100.6 MPH)
Batting: RHB Ju-yi Huang 0-0: Foul Ball, location: 2F
0-1: Foul Ball, location: 2F
0-2: Ball
1-2: Strikes out swinging
Batting: RHB Jordan Nicholas 0-0: Fielders Choice at 2nd, 5-4 (Groundball, 56, EV 101.9 MPH)
Batting: RHB Victor Ramos 0-0: Ball
1-0: Swinging Strike
Jordan Nicholas is caught stealing 2nd base 2-4
Top of the 5th over - 0 runs, 1 hit, 0 errors, 0 left on base; University of Conneticut 1 - Mississippi State University 5
BOTTOM OF THE 5TH
Mississippi State University Bulldogs batting - Pitching for University of Conneticut Huskies : RHP Dave Cobos
Pitching: RHP Jean-François Michel
Now in LF: Bertil Ivens
Now in CF: Chris Grayson
Pinch Hitting: SHB Jim Rutherford 0-0: Fly out, F8 (Flyball, 8LM, EV 80.6 MPH)
Pinch Hitting: SHB Shou-xin Ouyang 0-0: Called Strike
0-1: Called Strike
0-2: Foul Ball, location: 2F
0-2: Ground out 4-3 (Groundball, 4, EV 83.1 MPH)
Batting: RHB Benito Gonzales 0-0: Ball
1-0: Called Strike
1-1: Ball
2-1: Fly out, F8 (Flyball, 89M, EV 88.1 MPH)
Bottom of the 5th over - 0 runs, 0 hits, 0 errors, 0 left on base; University of Conneticut 1 - Mississippi State University 5
TOP OF THE 6TH
University of Conneticut Huskies batting - Pitching for Mississippi State University Bulldogs : RHP Jeff Shedd
Pitching: RHP Randy Richardson
Now at 2B: Jon Van Dam
Now at 3B: Paulo Aubert
Now in LF: Jun Qing
Now in RF: Jesse Hodges
Batting: RHB Victor Ramos 0-0: Called Strike
0-1: Ball
1-1: Foul Ball, location: 2F
1-2: Strikes out swinging
Batting: RHB Jai De san miguel 0-0: Ball
1-0: Foul Ball, location: 2F
1-1: Ball
2-1: Ball
3-1: Foul Ball, location: 2F
3-2: Base on Balls
Batting: LHB Bertil Ivens 0-0: Called Strike
0-1: Ball
1-1: Ball
Jai De san miguel is caught stealing 2nd base 2-6
2-1: Ball
3-1: Base on Balls
Pinch Hitting: LHB Jonathan Sica 0-0: Called Strike
0-1: Foul Ball, location: 2F
0-2: Foul Ball, location: 2F
0-2: Ball
1-2: Ball
2-2: Strikes out swinging
Top of the 6th over - 0 runs, 0 hits, 0 errors, 1 left on base; University of Conneticut 1 - Mississippi State University 5
BOTTOM OF THE 6TH
Mississippi State University Bulldogs batting - Pitching for University of Conneticut Huskies : RHP Jean-François Michel
Now at 1B: Jonathan Sica
Batting: RHB Rich Martinez 0-0: Ball
1-0: Called Strike
1-1: Called Strike
1-2: Foul Ball, location: 2F
1-2: Ground out 4-3 (Groundball, 4, EV 98.1 MPH)
Pinch Hitting: RHB Ryan Muldoon 0-0: Swinging Strike
0-1: Ball
1-1: SINGLE (Line Drive, 78M, EV 90.6 MPH)
Batting: LHB Tom Ploughman 0-0: Called Strike
0-1: Ball
1-1: Grounds into double play, 4-6-3 (Groundball, 34, EV 106.9 MPH)
Bottom of the 6th over - 0 runs, 1 hit, 0 errors, 0 left on base; University of Conneticut 1 - Mississippi State University 5
TOP OF THE 7TH
University of Conneticut Huskies batting - Pitching for Mississippi State University Bulldogs : RHP Randy Richardson
Now at SS: Freddie Kite
Pinch Hitting: LHB Greg James 0-0: Ball
1-0: Ball
2-0: Foul Ball, location: 2F
2-1: Ball
3-1: Foul Ball, location: 2F
3-2: Base on Balls
Pinch Hitting: RHB Phil Hilton 0-0: Ball
1-0: Bunt missed!
1-1: Bunt missed!
1-2: Ball
2-2: Strikes out looking
Batting: RHB Hector Guerra 0-0: Ball
1-0: Foul Ball, location: 2F
1-1: Ball
2-1: Ball
3-1: Called Strike
3-2: SINGLE (Line Drive, 8RS, EV 94.4 MPH)
Greg James to second
Batting: RHB Ju-yi Huang 0-0: Ball
1-0: Ball
2-0: Fly out, F7 (Flyball, 78XD, EV 106.9 MPH)
Runner from 2nd tags up, SAFE at 3rd, no throw by LF
Pitching: RHP Antonio Ramirez
Batting: RHB Jordan Nicholas 0-0: Called Strike
0-1: Swinging Strike
0-2: Ball
1-2: Strikes out swinging
Top of the 7th over - 0 runs, 1 hit, 0 errors, 2 left on base; University of Conneticut 1 - Mississippi State University 5
BOTTOM OF THE 7TH
Mississippi State University Bulldogs batting - Pitching for University of Conneticut Huskies : RHP Jean-François Michel
Pitching: LHP Alex Membreno
Now in LF: Phil Hilton
Now in CF: Bertil Ivens
Now in RF: Greg James
Batting: RHB Bill Petipas 0-0: Ball
1-0: Swinging Strike
1-1: Ball
2-1: Foul Ball, location: 2F
2-2: Fly out, F6 (Line Drive, 4M, EV 68.8 MPH)
Pinch Hitting: SHB Toshinori Shimabukuro 0-0: Called Strike
0-1: Called Strike
0-2: Ball
1-2: Strikes out looking
Batting: RHB Paulo Aubert 0-0: Called Strike
0-1: Ball
1-1: Ball
2-1: Called Strike
2-2: Ball
3-2: Fly out, F8 (Flyball, 8RM, EV 86.2 MPH)
Bottom of the 7th over - 0 runs, 0 hits, 0 errors, 0 left on base; University of Conneticut 1 - Mississippi State University 5
TOP OF THE 8TH
University of Conneticut Huskies batting - Pitching for Mississippi State University Bulldogs : RHP Antonio Ramirez
Pitching: RHP Mike Hand
Now in LF: Oscar Vargas
Batting: RHB Victor Ramos 0-0: DOUBLE (Groundball, 5L, EV 103.8 MPH)
Batting: RHB Jai De san miguel 0-0: Ball
1-0: Called Strike
1-1: Ball
2-1: Swinging Strike
2-2: Strikes out swinging
Batting: LHB Bertil Ivens 0-0: Swinging Strike
0-1: Called Strike
0-2: Foul Ball, location: 2F
0-2: Ball
1-2: Ball
Wild Pitch!
Victor Ramos to third
2-2: Ground out 3-1 (Groundball, 34, EV 103.8 MPH)
Victor Ramos scores
Batting: LHB Jonathan Sica 0-0: Ball
1-0: Ball
2-0: Foul Ball, location: 2F
2-1: Foul Ball, location: 2F
2-2: Ground out 4-3 (Groundball, 4M, EV 106.2 MPH)
Top of the 8th over - 1 run, 1 hit, 0 errors, 0 left on base; University of Conneticut 2 - Mississippi State University 5
BOTTOM OF THE 8TH
Mississippi State University Bulldogs batting - Pitching for University of Conneticut Huskies : LHP Alex Membreno
Pitching: RHP Gabe Martinez
Batting: RHB Jesse Hodges 0-0: Swinging Strike
0-1: Foul Ball, location: 2F
0-2: Fly out, F3 (Popup, 3F, EV 71.9 MPH)
Pinch Hitting: RHB Jay Britz 0-0: Called Strike
0-1: Ball
1-1: Swinging Strike
1-2: Ground out 5-3 (Groundball, 56, EV 90.0 MPH)
Batting: RHB Benito Gonzales 0-0: Ground out 6-3 (Groundball, 6, EV 76.2 MPH)
Bottom of the 8th over - 0 runs, 0 hits, 0 errors, 0 left on base; University of Conneticut 2 - Mississippi State University 5
TOP OF THE 9TH
University of Conneticut Huskies batting - Pitching for Mississippi State University Bulldogs : RHP Mike Hand
Pitching: RHP Sa'ng Dai
Now at 2B: Jay Britz
Batting: LHB Greg James 0-0: Foul Ball, location: 2F
0-1: SINGLE (Line Drive, 7S, EV 101.2 MPH)
Batting: RHB Phil Hilton 0-0: Ball
1-0: Foul Ball, location: 2F
1-1: Ball
2-1: Foul Ball, location: 2F
2-2: Strikes out swinging
Batting: RHB Hector Guerra 0-0: Ball
1-0: Called Strike
1-1: Foul Ball, location: 2F
1-2: Fly out, F7 (Flyball, 7LM, EV 85.6 MPH)
Pinch Hitting: RHB Charlie Slayback 0-0: Ball
1-0: Ball
2-0: Ball
3-0: Called Strike
3-1: Called Strike
3-2: SINGLE (Groundball, 34D, EV 94.4 MPH)
Greg James to second
Greg James to third
Batting: RHB Jordan Nicholas 0-0: SINGLE (Groundball, 4, EV 96.9 MPH)
Greg James scores
Charlie Slayback to second
Batting: RHB Victor Ramos 0-0: Called Strike
0-1: Ball
1-1: Called Strike
1-2: Foul Ball, location: 2F
1-2: Ball
2-2: Strikes out swinging
Top of the 9th over - 1 run, 3 hits, 0 errors, 2 left on base; University of Conneticut 3 - Mississippi State University 5
Sunday, July 16th , 2023 - OOTP Baseball 24.6 Build 69